 Dungeon Crawl Stone Soup version 0.26.1-11-gd32895ea62 (webtiles) character file.

Game seed: 11817204079673716504

37 Descartes the Magician (level 3, 0/20 HPs)
             Began as a Deep Elf Arcane Marksman on June 22, 2021.
             Slain by a phantom (10 damage)
             ... on level 2 of the Dungeon.
             The game lasted 00:03:39 (1645 turns).

Descartes the Magician (Deep Elf Arcane Marksman)   Turns: 1645, Time: 00:03:40

Health: 0/20       AC:  2    Str:  7    XL:     3   Next: 21%
Magic:  10/10      EV: 13    Int: 18    God:
Gold:   60         SH:  0    Dex: 15    Spells: 9/10 levels left

rFire    . . .     SeeInvis .   b - +1 dagger (vamp)
rCold    . . .     Faith    .   (no shield)
rNeg     . . .     Spirit   .   e - +0 robe
rPois    .         Reflect  .   (no helmet)
rElec    .         Harm     .   (no cloak)
rCorr    .         Rampage  .   (no gloves)
Will     .....                  (no boots)
Stlth    +.........             (no amulet)
HPRegen  0.06/turn              (no ring)
MPRegen  0.12/turn              (no ring)

@: no status effects
A: no striking features
a: no special abilities


You were on level 2 of the Dungeon.
You visited 1 branch of the dungeon, and saw 2 of its levels.

You collected 60 gold pieces.

Inventory:

Hand Weapons
 a - a +0 shortbow
 b - a +1 vampiric dagger (weapon)
Missiles
 d - 18 arrows
 g - 111 stones
 l - 14 poisoned darts
 m - 30 sling bullets
Armour
 e - a +0 robe (worn)
Scrolls
 c - 2 scrolls of identify {unknown}
 f - a scroll of blinking {unknown}
 h - a scroll of magic mapping {unknown}
 i - 2 scrolls of teleportation {unknown}
 j - a scroll of immolation {unknown}
 p - a scroll of fear {unknown}
Potions
 k - 2 potions of curing {unknown}
 n - a potion of heal wounds {unknown}
 o - 2 potions of might {unknown}


   Skills:
 - Level 0.7 Fighting
 - Level 2.6 Bows
 - Level 2.4 Dodging
 + Level 4.4 Spellcasting
 - Level 4.0 Hexes


You had 9 spell levels left.
You knew the following spells:

 Your Spells              Type           Power        Failure   Level
a - Corona                Hex            20%          2%          1

Your spell library contained the following spells:

 Spells                   Type           Power        Failure   Level
 Slow                     Hex            18%          4%          2
 Inner Flame              Hex/Fire       11%          19%         3
 Portal Projectile        Hex/Tloc       22%          19%         3
 Cause Fear               Hex            9%           26%         4
 Leda's Liquefaction      Hex/Erth       5%           52%         4


Dungeon Overview and Level Annotations

Branches:
Dungeon (2/15)

Altars:


Message History

A phantom comes into view.
You shoot an arrow. The arrow closely misses the phantom.
No target in view!
A phantom is nearby!
You shoot an arrow. The arrow closely misses the phantom.
You shoot an arrow. The arrow barely misses the phantom.
The phantom hits you!
Ouch! That really hurt!
You are too injured to fight recklessly!
The phantom barely misses you.
You feel a sense of dread.
b - a +1 vampiric dagger (weapon)
You hit the phantom but do no damage. The phantom misses you.
You hit the phantom but do no damage. The phantom closely misses you.
You completely miss the phantom. The phantom barely misses you.
You hit the phantom.
The phantom is lightly damaged.
The phantom barely misses you.
You hit the phantom but do no damage. The phantom hits you!
Ouch! That really hurt!
You die...

$.................
.(....###.#####.###)
#..##.# #.# #.# #.
#(.##.###.#####.###.
#..##...............
#.....###..###..##..
#.###.##............
#.###.##.#######.#..
#.W@.....# #.##.
#(###.#..# #.##. #.#
#.#..# #.<.. #.#
#.#..# #.### ..#
#.#†.# #.# #.#
#.#..#######.### ..#
#......>.....†.. ...
....####.##.####
##..# #. #.#


You could see a phantom.

Vanquished Creatures
  An ooze (D:2)
  A worm (D:2)
  A giant cockroach (D:2)
  4 hobgoblins
  7 kobolds
  3 bats (D:1)
  A frilled lizard (D:1)
  6 goblins
  4 rats
28 creatures vanquished.

Notes
Turn   | Place    | Note
-------+----------+-------------------------------------------
     0 | D:1      | Descartes the Deep Elf Arcane Marksman began the quest for
                  | the Orb.
     0 | D:1      | Reached XP level 1. HP: 11/11 MP: 5/5
   336 | D:1      | Reached XP level 2. HP: 16/16 MP: 8/8
  1445 | D:2      | Reached XP level 3. HP: 13/20 MP: 10/10
  1633 | D:2      | Noticed a phantom
  1645 | D:2      | Slain by a phantom

Illustrated notes

Levels and vault maps discovered:
D:1:      shiori_arrival_elements, layout_basic
D:2:      layout_loops_ring

Skill      XL: |  1  2 |
---------------+-------+-----
Spellcasting   | 3 4 |  4.4
Fighting       | |  0.7
Bows           | |  2.6
Dodging        | |  2.4
Hexes          | |  4.0

Action                   || total
-------------------------++-------
Melee: Dagger            ||    28
 Fire: Shortbow          ||    72
Armor: Robe              ||     4
Dodge: Dodged            ||    39
